 Dungeon Crawl Stone Soup version 0.24-a0-280-g7cec4da (console) character file.

Game seed: 8752476200129927424

143 swinepaste the Stinger (level 5, -1/28 HPs)
             Began as a Tengu Venom Mage on May 8, 2019.
             Slain by an orc
             ... wielding a +0 flail
              (9 damage)
             ... on level 3 of the Dungeon.
             The game lasted 00:06:22 (2096 turns).

swinepaste the Stinger (Tengu Venom Mage)           Turns: 2096, Time: 00:06:23

Health: -1/28      AC:  2    Str:  8    XL:     5   Next: 25%
Magic:  1/10       EV: 12    Int: 17    God:
Gold:   141        SH:  0    Dex: 14    Spells: 3/9 levels left

rFire    . . .     SeeInvis .   e - +0 short sword
rCold    . . .     Gourm    .   (no shield)
rNeg     . . .     Faith    .   a - +0 robe
rPois    .         Spirit   .   (helmet restricted)
rElec    .         Reflect  .   (no cloak)
rCorr    .         Harm     .   (no gloves)
MR       .....                  (boots unavailable)
Stlth    ++........             (no amulet)
HPRegen  0.09/turn              (no ring)
MPRegen  0.12/turn              (no ring)

@: no status effects
A: beak, talons 3, able to fly
a: Fly


You were on level 3 of the Dungeon.
You were not hungry.

You visited 1 branch of the dungeon, and saw 3 of its levels.

You collected 141 gold pieces.

Inventory:

Hand Weapons
 e - a +0 short sword (weapon)
Armour
 a - a +0 robe (worn)
Scrolls
 d - a scroll of identify {unknown}
 f - 2 scrolls of enchant weapon {unknown}
 h - a scroll of enchant armour {unknown}
 i - 2 scrolls of remove curse {unknown}
 l - a scroll of fog {unknown}
Comestibles
 b - 2 chunks of flesh
 c - 6 rations


   Skills:
 - Level 2.1 Dodging
 - Level 2.0 Stealth
 + Level 2.8 Spellcasting
 + Level 3.1 Conjurations
 + Level 2.0 Air Magic
 * Level 4.4 Poison Magic


You had 3 spell levels left.
You knew the following spells:

 Your Spells              Type           Power        Failure   Level  Hunger
q - Mephitic Cloud        Conj/Pois/Air  ##......     14%         3    ###....
t - Sting                 Conj/Pois      ###.         3%          1    #......
w - Poisonous Vapours     Pois/Air       ##....       7%          2    ##.....

Your spell library contained the following spells:

 Spells                   Type           Power        Failure   Level  Hunger
 Olgreb's Toxic Radiance  Pois           ###.....     28%         4    #####..
 Venom Bolt               Conj/Pois      ###.......   71%         5    ######.


Dungeon Overview and Level Annotations

Branches:
Dungeon (3/15)

Altars:
Yredelemnul


Innate Abilities, Weirdness & Mutations

You have a beak for a mouth.
You have claws for feet.
You can fly continuously.


Message History

Casting: Poisonous Vapours (safe; 8% risk of failure)
Confirm with . or Enter, or press ? or * to list all spells.
Aiming: Poisonous Vapours (safe; 8% risk of failure)
Press: ? - help, Dir - move target cursor, f/p - orc priest
Aim: an orc priest, wielding a +3 hand axe (moderately wounded, poisoned) Poisonous vapours surround the orc priest!
The orc priest is engulfed in poison gas.
The orc priest looks even sicker.
You kill the orc priest!
Your Air Magic skill increases to level 2!
The orc misses you.
Okay, then.
Okay, then.
Unknown command.
The orc hits you with a +0 flail.
* * * LOW HITPOINT WARNING * * *
You hit the orc. You claw the orc, but do no damage.
The orc is heavily wounded.
The orc hits you with a +0 flail!
You die...

###.<##.#
####.##.##.#
#.....)..#.#
#..........#
¢.
#........###
#.
##.#.#####
#. #.#.# #o
#[#.# #.
#.#Q# #.
#÷#o#
#.###.#.#
#.)o..#$#
####o.#)#
######.)#.#
..........#
######..###
#..#


You could see an orc.

Vanquished Creatures
  An orc priest (D:3)
  2 adders
  2 oozes (D:1)
  6 worms
  A dart slug (D:1)
  4 leopard geckos
  5 orcs (D:3)
  A giant cockroach (D:1)
  10 hobgoblins
  5 jackals
  7 kobolds
  A quokka (D:2)
  6 bats
  2 frilled lizards (D:2)
  5 goblins
  A leopard gecko skeleton (D:2)
  3 rats
62 creatures vanquished.

Notes
Turn   | Place    | Note
-------+----------+-------------------------------------------
     0 | D:1      | swinepaste the Tengu Venom Mage began the quest for the
                  | Orb.
     0 | D:1      | Reached XP level 1. HP: 10/10 MP: 4/4
   164 | D:1      | Reached XP level 2. HP: 15/15 MP: 0/6
   324 | D:1      | Learned a level 2 spell: Poisonous Vapours
   545 | D:1      | Reached XP level 3. HP: 19/19 MP: 5/7
   616 | D:1      | Learned a level 3 spell: Mephitic Cloud
   921 | D:2      | Reached skill level 1 in Air Magic
   963 | D:2      | Reached XP level 4. HP: 8/24 MP: 0/8
  1383 | D:2      | Reached skill level 4 in Poison Magic
  1694 | D:2      | Found a basalt altar of Yredelemnul.
  1734 | D:2      | Found a faded altar of an unknown god.
  2090 | D:3      | Gained mutation: You can fly continuously. [Tengu growth]
  2090 | D:3      | Reached XP level 5. HP: 12/28 MP: 4/10
  2096 | D:3      | Slain by an orc

Levels and vault maps discovered:
D:1:      roderic_crossed_star, layout_basic
D:2:      layout_basic, nicolae_overflow_hidden_temple, first_ration,
          chequers_ecumenical_altar_grove, hangedman_feature_mirror,
          minmay_tree_intersection, kennysheep_generic_room_4
D:3:      minmay_roachtagon, layout_loops_ring

Skill      XL: |  1  2  3  4  5 |
---------------+----------------+-----
Conjurations   | 2 3 |  3.1
Air Magic      | 1 2 |  2.0
Poison Magic   | 4 |  4.4
Dodging        | |  2.1
Stealth        | |  2.0
Spellcasting   | |  2.8

Action                   |  1- 3 |  4- 6 || total
-------------------------+-------+-------++-------
Melee: Short sword       |    42 |    60 ||   102
       Unarmed           |     2 |       ||     2
       Kick              |     7 |    15 ||    22
       Peck              |     3 |     5 ||     8
 Cast: Sting             |    45 |    53 ||    98
       Poisonous Vapours |     1 |     5 ||     6
  Use: Potion            |       |     3 ||     3
 Stab: Sleeping          |       |     1 ||     1
  Eat: Chunk             |     1 |     4 ||     5
Armor: Robe              |     9 |     7 ||    16
Dodge: Dodged            |    27 |    39 ||    66

Table legend:
 A = Non-vault XP
 B = Vault XP
 C = Vault XP percentage of total XP
 D = Non-vault monster count
 E = Vault monster count
 F = Vault count percentage of total count
                 A         B        C        D         E       F
            +---------+---------+-------+---------+---------+-------
      Total |     176 |      29 |  14.1 |      54 |       8 |  12.9
            +---------+---------+-------+---------+---------+-------
        D:1 |      44 |       0 |   0.0 |      19 |       0 |   0.0
        D:2 |      46 |      29 |  38.7 |      20 |       8 |  28.6
        D:3 |      86 |       0 |   0.0 |      15 |       0 |   0.0
            +---------+---------+-------+---------+---------+-------
